Map: Tours du crépuscule

Players

zidar - Winner!

  • Race: Zerg Zerg
  • League: Gold
  • Spawn Location: 7:00

TekkerTobi

  • Race: Zerg Zerg
  • League: Gold
  • Spawn Location: 1:00

VOD

Have the link to the VOD?

Description

Time

  • Played on: June 14, 2016, 10:48 a.m.
  • Length: 12:27
Show
View Real Time Build Order
Export as new Build Order

zidar Zerg - Winner!

Build Orders: Pool First 

Get SALT Encoding   

  12  0:02  Drone  
  13  0:12  Overlord  
  13  0:17  Drone  
  14  0:30  Drone x2  
  16  0:41  Spawning Pool  
  15  0:45  Drone  
  16  0:50  Extractor  
  16  0:51  Drone  
  16  1:00  Overlord  
  16  1:28  Zergling x2  
  16  1:29  Queen  
  16  1:30  Zergling x4  
  21  1:41  Zergling x2  
  22  1:51  Zergling x2, Metabolic Boost  
  23  2:08  Zergling x2  
  24  2:16  Zergling x2  
  25  2:26  Zergling x2  
  26  2:32  Hatchery  
  24  2:54  Zergling x4  
  24  2:55  Zergling x4  
  27  3:07  Zergling x2  
  22  3:37  Zergling x6  
  24  3:46  Drone x2  
  24  3:47  Drone  
  27  3:48  Roach Warren  
  27  3:50  Queen  
  28  4:02  Zergling x6  
  31  4:19  Overlord  
  31  4:20  Overlord, Extractor  
  27  4:35  Drone  
  27  4:36  Drone x4  
  32  4:41  Drone  
  33  4:51  Drone  
  34  5:02  Drone x3  
  37  5:19  Drone x7  
  44  5:40  Overlord x3  
  44  5:44  Drone x6  
  50  6:17  Roach  
  50  6:18  Roach x8  
  68  6:23  Extractor  
  68  6:24  Drone  
  68  6:28  Overlord  
  68  6:44  Ravager  
  68  6:45  Ravager x3  
  68  6:46  Ravager  
  73  6:48  Roach  
  73  6:49  Roach x4  
  83  6:56  Lair  
  83  7:09  Overlord x2  
  83  7:10  Overlord x4  
  83  7:31  Drone x7  
  90  7:42  Extractor  
  89  7:47  Hatchery  
  60  8:27  Spore Crawler x3  
  60  8:28  Spore Crawler  
  60  8:30  Spore Crawler  
  60  8:32  Spore Crawler  
  48  8:35  Spore Crawler  
  48  8:36  Spore Crawler  
  48  8:38  Spore Crawler  
  45  8:42  Spore Crawler  
  45  8:45  Spore Crawler x2  
  42  8:51  Spire  
  41  8:59  Spore Crawler  
  40  9:03  Spore Crawler  
  40  9:05  Drone x11  
  52  9:24  Zergling x2  
  52  9:25  Zergling x10  
  56  9:40  Zergling x20  
  65  10:20  Overlord x4  
  55  10:47  Mutalisk x13  
  81  11:03  Drone  
  81  11:04  Drone x3  
  85  11:19  Mutalisk x4  
  85  11:23  Queen  
  95  11:27  Mutalisk x5  
  105  11:40  Mutalisk x5  
Show
View Real Time Build Order
Export as new Build Order

TekkerTobi Zerg 

Build Orders: Pool First 

Get SALT Encoding   

  12  0:02  Drone  
  13  0:09  Drone  
  13  0:13  Extractor  
  13  0:14  Extractor  
  13  0:18  Drone  
  13  0:23  Drone  
  16  0:41  Spawning Pool  
  15  0:44  Overlord  
  15  0:51  Extractor  
  14  1:04  Drone x3  
  17  1:20  Drone  
  18  1:26  Drone  
  18  1:30  Queen  
  21  1:37  Drone  
  22  1:52  Metabolic Boost  
  22  1:58  Hatchery  
  21  2:05  Zergling x2  
  21  2:06  Overlord  
  22  2:16  Overlord  
  22  2:24  Queen  
  22  2:27  Zergling x2  
  25  2:42  Spine Crawler  
  25  2:43  Spine Crawler  
  22  2:53  Zergling x6  
  22  2:54  Zergling x2  
  17  3:25  Drone x5  
  17  3:26  Queen  
  23  3:39  Spine Crawler  
  19  3:44  Zergling x4  
  21  3:53  Zergling x4  
  21  3:54  Zergling x2  
  24  4:04  Spine Crawler  
  23  4:14  Zergling x4  
  25  4:35  Lair  
  25  4:45  Zergling x2  
  26  4:46  Zergling x2  
  26  4:49  Hatchery  
  26  4:54  Drone  
  26  4:55  Drone  
  26  4:56  Drone  
  29  5:02  Extractor  
  28  5:16  Drone  
  28  5:17  Drone x3  
  32  5:33  Zergling x4  
  34  5:39  Spire  
  33  5:58  Zergling x8  
  37  6:22  Spine Crawler  
  36  6:26  Overlord  
  36  6:27  Overlord  
  36  6:55  Mutalisk x3  
  42  7:07  Mutalisk  
  44  7:17  Drone  
  44  7:19  Overlord x2  
  45  7:42  Mutalisk  
  25  8:33  Mutalisk x2  
  28  8:36  Zergling x8  
  32  8:47  Queen  
  34  9:00  Zergling x4  
  36  9:06  Spine Crawler  
  36  9:08  Spine Crawler  
  32  9:49  Zergling x6  
  35  10:13  Zergling x4  
  35  10:52  Mutalisk x5  
  45  11:08  Drone x2  
  45  11:10  Hatchery  
  45  11:11  Drone x3  
  49  12:08  Zergling x2  
  49  12:09  Zergling x14  
Tags
 
Add a new tag
Caveats
  • Supply blocks, unpowered buildings, or Contaminate may cause inaccurate times.
  • Supply counts are checked every 10 seconds.